 Dungeon Crawl Stone Soup version 0.27.0-1-g7a089689b8 (webtiles) character file.

Game seed: 17669594671386897663

22 loansindi the Conjurer (level 2, -1/19 (20) HPs)
             Began as a Draconian Conjurer on Aug 18, 2021.
             Slain by Crazy Yiuf (6 damage)
             ... on level 2 of the Dungeon.
             The game lasted 00:02:39 (1564 turns).

loansindi the Conjurer (Draconian Conjurer)         Turns: 1564, Time: 00:02:39

HP:   -1/19 (20)    AC:  5    Str:  9    XL:     2   Next: 68%
MP:   2/5           EV: 12    Int: 18    God:
Gold: 66            SH:  0    Dex:  9    Spells: 2/5 levels left

rFire    . . .     SeeInvis .   b - +0 dagger
rCold    . . .     Faith    .   (no shield)
rNeg     . . .     Spirit   .   (armour unavailable)
rPois    .         Reflect  .   (helmet restricted)
rElec    .         Harm     .   (no cloak)
rCorr    .         Rampage  .   h - +0 pair of gloves
Will     .....                  (no boots)
Stlth    ++........             (no amulet)
HPRegen  0.06/turn              (no ring)
MPRegen  0.09/turn              (no ring)

@: drained
A: AC +4, unfitting armour, cold-blooded
a: no special abilities


You were on level 2 of the Dungeon.
You visited 1 branch of the dungeon, and saw 2 of its levels.

You collected 66 gold pieces.

Inventory:

Hand Weapons
 b - a +0 dagger (weapon)
Missiles
 g - 7 silver javelins
Armour
 e - a +0 chain mail
 h - a +0 pair of gloves (worn)
Scrolls
 c - a scroll of fog {unknown}
 d - a scroll of fear {unknown}
Potions
 a - a potion of magic {unknown}
 f - a potion of attraction {unknown}


   Skills:
 + Level 1.8 Dodging
 + Level 2.1 Stealth
 + Level 0.2 Unarmed Combat
 + Level 2.1 Spellcasting
 + Level 4.5 Conjurations


You had 2 spell levels left.
You knew the following spells:

 Your Spells              Type           Power      Damage    Failure   Level
a - Magic Dart            Conj           72%        1d6       2%          1
b - Searing Ray           Conj           36%        3d4       4%          2

Your spell library contained the following spells:

 Spells                   Type           Power      Damage    Failure   Level
 Dazzling Flash           Conj/Hex       20%        N/A       22%         3
 Ozocubu's Armour         Ice            1%         N/A       47%         3
 Fulminant Prism          Conj/Hex       5%         3d7       56%         4
 Iskenderun's Mystic Bla  Conj/Tloc      10%        2d4       56%         4
 Metabolic Englaciation   Hex/Ice        0%         N/A       99%         5
 Simulacrum               Ice/Necr       0%         N/A       100%        6


Dungeon Overview and Level Annotations

Branches:
Dungeon (2/15)

Altars:

Annotations:
D:2 Crazy Yiuf


Innate Abilities, Weirdness & Mutations

Your plain brown scales are hard. (AC +4)
You cannot fit into any form of body armour.
You are cold-blooded and may be slowed by cold attacks.


Message History

You barely miss the worm.
The worm is almost dead.
You barely miss the worm. You tail-slap the worm.
You kill the worm!
HP restored.
You see here a worm corpse.
f - a red potion
Found a scale mail.
You pick up a book of Winter and begin reading...
You add the spells Ozocubu's Armour, Metabolic Englaciation and Simulacrum to your library.
Found 7 silver javelins.
You see here 7 silver javelins.
g - 7 silver javelins
Found a stone staircase leading down.
Found a pair of gloves.
You see here a +0 pair of gloves.
h - a +0 pair of gloves You start putting on your armour.
You continue putting on your +0 pair of gloves. x4
You finish putting on your +0 pair of gloves.
Found a mace.
Found a runed translucent door.
Crazy Yiuf shouts!
Crazy Yiuf says, "Aardvark water alas!"
Memorise Searing Ray, consuming 2 spell levels and leaving 2?
Crazy Yiuf sings, "Trees, trees, trees, circus!"
You start memorising the spell.
You continue memorising. x2
You finish memorising.
Spell assigned to 'b'.
As you open the door, it creaks loudly!
The searing ray hits Crazy Yiuf.
Crazy Yiuf is moderately wounded. (Press . to maintain the ray.) Crazy Yiuf hits you with a +2 quarterstaff of chaos!
Ouch! That really hurt!
You feel drained.
The searing ray hits Crazy Yiuf.
Crazy Yiuf is heavily wounded.
Crazy Yiuf hits you with a +2 quarterstaff of chaos.
* * * LOW HITPOINT WARNING * * *
Space bends around you.
You die...

#.####....#
#.# #....#
#.# #P...#
#.# ##P..#
#######.#
##.##
#.......#
##.#
####......##
#.##
...>......#
##.#
#.#.......#
#@##
#.#.##.####
#g# #.####.##
...
........####
#...#
#.###......#
#)..#
#.......[..#
#####
...#.......#
#..#.......##
...#........#


You could see Crazy Yiuf.

Vanquished Creatures
  A worm (D:2)
  2 bats (D:1)
  4 endoplasms (D:1)
  2 giant cockroaches (D:1)
  A goblin (D:1)
  3 hobgoblins
  A frilled lizard (D:1)
  2 rats (D:1)
16 creatures vanquished.

Notes
Turn   | Place    | Note
-------+----------+-------------------------------------------
     0 | D:1      | loansindi the Draconian Conjurer began the quest for the
                  | Orb.
     0 | D:1      | Reached XP level 1. HP: 14/14 MP: 3/3
   526 | D:1      | Reached XP level 2. HP: 15/20 MP: 5/5
  1555 | D:2      | Found a runed translucent door.
  1556 | D:2      | Noticed Crazy Yiuf
  1562 | D:2      | Learned a level 2 spell: Searing Ray
  1564 | D:2      | Slain by Crazy Yiuf

Illustrated notes

Levels and vault maps discovered:
D:1:      lightli_arrival_farm, layout_basic
D:2:      layout_basic, uniq_crazy_yiuf_cottage

Skill      XL: |  1 |
---------------+----+-----
Stealth        | 2 |  2.1
Dodging        | |  1.8
Unarmed Combat | |  0.2
Spellcasting   | |  2.1
Conjurations   | |  4.5

Action                   || total
-------------------------++-------
Melee: Unarmed           ||    29
       Tailslap          ||     6
       Dagger            ||    13
 Cast: Magic Dart        ||    34
       Searing Ray       ||     1
Armor: Skin              ||     8
Dodge: Dodged            ||    27
